 Dungeon Crawl Stone Soup version 0.20.1-1-g8b1a95d (webtiles) character file.

141 TheGuigne the Cudgeler (level 5, -3/41 HPs)
             Began as a Demonspawn Fighter on Aug 13, 2017.
             Slain by a gnoll (4 damage)
             ... on level 3 of the Dungeon.
             The game lasted 00:03:19 (1585 turns).

TheGuigne the Cudgeler (Demonspawn Fighter)         Turns: 1585, Time: 00:03:20

Health: -3/41      AC:  9    Str: 18    XL:     5   Next: 3%
Magic:  5/5        EV:  4    Int:  9    God:
Gold:   98         SH:  8    Dex: 12    Spells: 4/4 levels left

rFire    . . .     SeeInvis .   a - +0 flail
rCold    . . .     Gourm    .   c - +0 shield
rNeg     . . .     Faith    .   b - +0 scale mail
rPois    .         Spirit   .   (helmet restricted)
rElec    .         Reflect  .   v - +0 cloak
rCorr    .         Harm     .   (no gloves)
MR       .....                  (no boots)
Stlth    +.........             (no amulet)
Regen    0.2/turn               (no ring)
MPRegen  0.1/turn               (no ring)

@: constricted
A: antennae 1, yellow scales 1, nightstalker 1, powered by pain 1
a: no special abilities


You were on level 3 of the Dungeon.
You were not hungry.

You visited 1 branch of the dungeon, and saw 3 of its levels.

You collected 98 gold pieces.

Inventory:

Hand Weapons
 a - a +0 flail (weapon)
Armour
 b - a +0 scale mail (worn)
 c - a +0 shield (worn)
 r - a +0 helmet
 v - a +0 cloak (worn)
Scrolls
 k - a scroll of magic mapping {unknown}
 l - a scroll of random uselessness {unknown}
 m - 2 scrolls of immolation {unknown}
 o - a scroll of amnesia {unknown}
 p - 2 scrolls of identify {unknown}
 q - a scroll of remove curse {unknown}
 s - a scroll of enchant weapon {unknown}
 t - a scroll of blinking {unknown}
Potions
 d - a potion of might
 e - a potion of haste {unknown}
 g - a potion of cancellation {unknown}
 h - 3 potions of mutation {unknown}
 i - a potion of flight {unknown}
 n - 2 potions of curing {unknown}
Comestibles
 f - 2 bread rations
 j - a royal jelly
 u - 6 chunks of flesh


   Skills:
 - Level 3.0 Fighting
 + Level 4.7 Maces & Flails
 - Level 2.6 Armour
 - Level 2.6 Shields


You had 4 spell levels left.
You didn't know any spells.

Dungeon Overview and Level Annotations

Branches:
Dungeon (3/15)

Altars:
Makhleb
Xom
The Shining One


Innate Abilities, Weirdness & Mutations

You have a pair of small antennae on your head.
You are partially covered in yellow scales. (AC +2)
You are slightly more attuned to the shadows.
You sometimes gain a little power by taking damage.


Message History

You closely miss the gnoll.
The gnoll is lightly wounded.
The gnoll closely misses you. x2; You block the phantom's attack.
The gnoll barely misses you.
You closely miss the gnoll.
The gnoll is lightly wounded.
You block the gnoll's attack. You block the phantom's attack.
The gnoll closely misses you. The gnoll hits you but does no damage.
The gnoll barely misses you. The phantom barely misses you.
You barely miss the gnoll.
The gnoll is lightly wounded.
The gnoll hits you but does no damage. You block the ball python's attack.
The ball python grabs you. The ball python constricts you.
The gnoll hits you but does no damage. The phantom hits you.
* * * LOW HITPOINT WARNING * * *
The gnoll barely misses you.
You closely miss the gnoll. You block the gnoll's attack.
The ball python barely misses you. The ball python constricts you.
The gnoll hits you.
You die...

### ..... ###...
..!?.# #...##########
#...........$. .
#...#ggS####. .
#....g@......#
#.#.#.W.######
####.#)#..##
#.........# .# .
#.##...####### #.#
..#.###.##.....#####.#
.....#..#.......#....#
#.........<........#
....#...♣.....♣..##.#


You could see a phantom, 3 gnolls and a ball python.

Vanquished Creatures
  7 adders
  2 gnolls
  An ooze (D:1)
  A dart slug (D:1)
  2 leopard geckos
  2 orcs (D:3)
  4 giant cockroaches
  4 goblins
  3 hobgoblins
  8 kobolds
  A quokka (D:3)
  2 ball pythons (D:1)
  5 bats
  2 frilled lizards (D:1)
  9 rats
53 creatures vanquished.

Notes
Turn   | Place    | Note
-------+----------+-------------------------------------------
     0 | D:1      | TheGuigne the Demonspawn Fighter began the quest for the Orb.
     0 | D:1      | Reached XP level 1. HP: 18/18 MP: 1/1
     6 | D:1      | Reached skill level 2 in Maces & Flails
   262 | D:1      | Gained mutation: You sometimes gain a little power by taking damage. [demonic ancestry]
   262 | D:1      | Reached XP level 2. HP: 24/24 MP: 2/2
   489 | D:1      | Reached skill level 3 in Maces & Flails
   640 | D:1      | Gained mutation: You are slightly more attuned to the shadows. [demonic ancestry]
   640 | D:1      | Reached XP level 3. HP: 29/29 MP: 3/3
  1142 | D:2      | Reached skill level 4 in Maces & Flails
  1142 | D:2      | Gained mutation: You are partially covered in yellow scales. (AC +2) [demonic ancestry]
  1142 | D:2      | Reached XP level 4. HP: 34/35 MP: 4/4
  1322 | D:2      | Found a glowing golden altar of the Shining One.
  1322 | D:2      | Found a shimmering altar of Xom.
  1322 | D:2      | Found a burning altar of Makhleb.
  1552 | D:3      | Gained mutation: You have a pair of small antennae on your head. [demonic ancestry]
  1552 | D:3      | Reached XP level 5. HP: 38/41 MP: 5/5
  1565 | D:3      | Noticed a phantom
  1584 | D:3      | HP: 1/41 [phantom (5)]
  1585 | D:3      | Slain by a gnoll

Skill      XL: |  1  2  3 |
---------------+----------+-----
Maces & Flails | 2 3 4 |  4.7
Fighting       | |  3.0
Armour         | |  2.6
Shields        | |  2.6

Action                   |  1- 3 |  4- 6 || total
-------------------------+-------+-------++-------
Melee: Flail             |   123 |    89 ||   212
  Eat: Chunk             |       |     3 ||     3
Armor: Scale mail        |    72 |    46 ||   118
Dodge: Dodged            |    36 |    38 ||    74
Block: Shield            |    70 |    48 ||   118
